 Dungeon Crawl Stone Soup version 0.23-a0-448-g1c01f63 (webtiles) character file.

221 Dfrag the Grave Robber (level 5, 34/42 HPs)
             Began as a Deep Dwarf Necromancer on Nov 21, 2018.
             Quit the game on level 3 of the Dungeon.
             The game lasted 00:05:42 (1983 turns).

Dfrag the Grave Robber (Deep Dwarf Necromancer)     Turns: 1983, Time: 00:05:42

Health: 34/42      AC:  8    Str: 12    XL:     5   Next: 65%
Magic:  1/9        EV: 12    Int: 16    God:
Gold:   133        SH:  0    Dex: 13    Spells: 8/12 levels left

rFire    + . .     SeeInvis .   p - +0 war axe
rCold    + . .     Gourm    .   (no shield)
rNeg     . . .     Faith    .   m - +2 robe {rC+ rF+}
rPois    .         Spirit   .   j - +2 helmet
rElec    .         Reflect  .   o - +0 cloak
rCorr    .         Harm     .   (no gloves)
MR       .....                  (no boots)
Stlth    ++........             (no amulet)
HPRegen  0.00/turn              (no ring)
MPRegen  0.11/turn              (no ring)

@: non-regenerating
A: damage resistance, heal wounds, sense surroundings 1, no regeneration
a: Heal Wounds


You were on level 3 of the Dungeon.
You were not hungry.

You visited 1 branch of the dungeon, and saw 3 of its levels.

You collected 133 gold pieces.

Inventory:

Hand Weapons
 p - a +0 war axe (weapon)
Armour
 a - a +0 robe
 j - a +2 helmet (worn)
 m - a +2 robe of resistance (worn)
 o - a +0 cloak (worn)
Scrolls
 d - a scroll of immolation {unknown}
 e - 5 scrolls of identify {unknown}
 f - a scroll of noise {unknown}
 i - 2 scrolls of remove curse {unknown}
 n - 3 scrolls of blinking {unknown}
Potions
 b - 4 potions of degeneration {unknown}
 g - a potion of lignification {unknown}
 h - a potion of invisibility {unknown}
 k - a potion of cancellation {unknown}
Comestibles
 c - 6 rations


   Skills:
 - Level 2.1 Dodging
 - Level 2.4 Stealth
 * Level 4.2 Spellcasting
 + Level 5.7 Necromancy


You had 8 spell levels left.
You knew the following spells:

 Your Spells              Type           Power        Failure   Level  Hunger
a - Pain                  Necr           ###.         1%          1    None
b - Vampiric Draining     Necr           ###.......   4%          3    ###....

Your spell library contained the following spells:

 Spells                   Type           Power        Failure   Level  Hunger
 Animate Skeleton         Necr           N/A          1%          1    None
 Animate Dead             Necr           N/A          16%         4    ####...
 Regeneration             Chrm/Necr      Unusable     N/A         3    N/A

Dungeon Overview and Level Annotations

Branches:
Dungeon (3/15)

Altars:
Qazlal


Innate Abilities, Weirdness & Mutations

You are resistant to damage.
You can heal yourself by infusing magical energy.
You passively map a small area around you.
You do not regenerate.


Message History

Casting: Pain (safe; 1% risk of failure)
Confirm with . or Enter, or press ? or * to list all spells.
Aiming: Pain (safe; 1% risk of failure)
Press: ? - help, Shift-Dir - straight line, f/p - worker ant
Aim: a worker ant (moderately wounded, chance to defeat MR: 86%)
The worker ant barely resists.
The worker ant bites you.
* * * LOW HITPOINT WARNING * * *
The worker ant bites you but does no damage.
Casting: Pain (safe; 1% risk of failure)
Confirm with . or Enter, or press ? or * to list all spells.
You don't have enough magic to cast that spell.
Unknown command.
You fail to use your ability.
The worker ant bites you but does no damage.
Your magical essence is drained by the effort!
You feel much better. The worker ant bites you.
Okay, then.
Unknown command.
The worker ant bites you but does no damage.
Are you sure you want to abandon this character and quit the game? (Confirm

* #....# ###
* ** ####.#
* * , *#.# ,
, ** #.# * *
#, #.#
#.##.######
, ,
#.........#
* * *
####a####...
#@#
........# *
######### *


You could see a worker ant.

Vanquished Creatures
  A bullfrog zombie (D:3)
  Crazy Yiuf (D:2)
  Jessica (D:2)
  An orc wizard (D:3)
  A worker ant (D:2)
  A gnoll (D:1)
  3 adders
  3 dart slugs
  2 leopard geckos (D:1)
  2 orcs (D:3)
  A ball python (D:1)
  2 giant cockroaches
  2 goblins (D:1)
  4 hobgoblins
  4 jackals (D:1)
  5 kobolds
  A bat (D:1)
  5 frilled lizards
  7 rats
47 creatures vanquished.

Notes
Turn   | Place    | Note
-------+----------+-------------------------------------------
     0 | D:1      | Dfrag the Deep Dwarf Necromancer began the quest for the
                  | Orb.
     0 | D:1      | Reached XP level 1. HP: 15/15 MP: 3/3
   189 | D:1      | Reached XP level 2. HP: 11/22 MP: 0/5
   546 | D:1      | Reached XP level 3. HP: 4/28 MP: 1/6
   551 | D:1      | Learned a level 3 spell: Vampiric Draining
  1092 | D:2      | Noticed Jessica
  1201 | D:2      | Killed Jessica
  1201 | D:2      | Reached skill level 5 in Necromancy
  1201 | D:2      | Reached XP level 4. HP: 12/36 MP: 0/8
  1417 | D:2      | Found a stormy altar of Qazlal.
  1418 | D:2      | Noticed Terence
  1699 | D:2      | Found a runed door.
  1797 | D:2      | Noticed Crazy Yiuf
  1801 | D:2      | Killed Crazy Yiuf
  1801 | D:2      | Reached XP level 5. HP: 26/42 MP: 3/10
  1983 | D:3      | Quit the game

Vault maps used:
D:1:      wheals_arrival_linesprint
D:2:      grunt_qazlal_sundering, minmay_box_of_dots, uniq_jessica,
          uniq_terence, uniq_crazy_yiuf_cottage
D:3:      first_ration, nicolae_tso_swordbearing_angel, uniq_robin

Skill      XL: |  1  2  3  4  5 |
---------------+----------------+-----
Spellcasting   | 2 3 4 |  4.2
Necromancy     | 5 |  5.7
Dodging        | |  2.1
Stealth        | |  2.4

Action                   |  1- 3 |  4- 6 || total
-------------------------+-------+-------++-------
Melee: Unarmed           |    14 |     6 ||    20
       War axe           |       |    17 ||    17
 Cast: Pain              |    46 |    24 ||    70
       Vampiric Draining |     3 |    13 ||    16
 Abil: Heal Wounds       |       |     2 ||     2
  Eat: Chunk             |     2 |     4 ||     6
Armor: Robe              |     7 |    21 ||    28
Dodge: Dodged            |    15 |    21 ||    36

Table legend:
 A = Non-vault XP
 B = Vault XP
 C = Vault XP percentage of total XP
 D = Non-vault monster count
 E = Vault monster count
 F = Vault count percentage of total count
                 A         B        C        D         E       F
            +---------+---------+-------+---------+---------+-------
      Total |     222 |      94 |  29.7 |      42 |       5 |  10.6
            +---------+---------+-------+---------+---------+-------
        D:1 |      63 |       0 |   0.0 |      28 |       0 |   0.0
        D:2 |      55 |      94 |  63.1 |       6 |       5 |  45.5
        D:3 |     104 |       0 |   0.0 |       8 |       0 |   0.0
            +---------+---------+-------+---------+---------+-------
